 Dungeon Crawl Stone Soup version 0.24.0-123-gd5b16e6ec5 (webtiles) character file.

Game seed: 6644468597014021084, levelgen mode: deterministic

126 vurker the Ducker (level 4, -6/22 HPs)
             Began as a Felid Berserker on Feb 1, 2020.
             Was a Believer of Trog.
             Mangled by a worm (11 damage)
             ... on level 3 of the Dungeon.
             The game lasted 00:02:59 (2727 turns).

vurker the Ducker (Felid Berserker)                 Turns: 2727, Time: 00:02:59

Health: -6/22      AC:  1    Str: 13    XL:     4   Next: 84%
Magic:  5/5        EV: 20    Int:  8    God:    Trog [**....]
Gold:   100        SH:  0    Dex: 16    Spells: 3/3 levels left
                                        Lives:  0   Deaths: 1

rFire    . . .     SeeInvis +     - Unarmed
rCold    . . .     Gourm    .   (shield unavailable)
rNeg     + . .     Faith    .   (armour unavailable)
rPois    .         Spirit   .   (helmet unavailable)
rElec    .         Reflect  .   (cloak unavailable)
rCorr    +         Harm     .   (gloves unavailable)
MR       .....                  (boots unavailable)
Stlth    +++.......             (no amulet)
HPRegen  0.07/turn              l - ring of resist corrosion
MPRegen  0.09/turn              t - ring of positive energy

@: berserk cooldown, slowed, slow
A: very small, no armour, no weapons or thrown items, stealth, claws 1, fangs 3,
see invisible, carnivore, speed 1, shaggy fur 1, slow metabolism 1, sharp paws
a: Berserk, Trog's Hand, Renounce Religion


You were on level 3 of the Dungeon.
You worshipped Trog.
Trog was pleased with you.
You were very full.

You visited 1 branch of the dungeon, and saw 3 of its levels.

You collected 100 gold pieces.

Inventory:

Jewellery
 l - a ring of resist corrosion (left paw)
   (You found it on level 2 of the Dungeon)
 t - a ring of positive energy (right paw)
   (You found it on level 3 of the Dungeon)
Scrolls
 a - 2 scrolls of remove curse {unknown}
 c - a scroll of amnesia {unknown}
 d - a scroll of noise {unknown}
 h - a scroll of identify {unknown}
 n - a scroll of enchant weapon {unknown}
 o - a scroll of magic mapping {unknown}
 p - a scroll of blinking {unknown}
 q - a scroll of fog {unknown}
 r - a scroll of immolation {unknown}
Potions
 b - 2 potions of agility {unknown}
 f - a potion of resistance {unknown}
 i - a potion of lignification {unknown}
 j - a potion of flight {unknown}
 k - a potion of haste {unknown}
 m - a potion of might {unknown}
 s - a potion of brilliance {unknown}
Comestibles
 e - 4 rations


   Skills:
 + Level 3.9 Fighting
 + Level 5.1 Dodging
 + Level 2.7 Stealth
 * Level 4.5 Unarmed Combat


You had 3 spell levels left.
You didn't know any spells.
Your spell library was empty.

Dungeon Overview and Level Annotations

Branches:
Dungeon (3/15)

Altars:


Innate Abilities, Weirdness & Mutations

You cannot wear armour.
You are incapable of wielding weapons or throwing items.
Your paws allow you to move quietly. (Stealth)
You have sharp claws.
You have razor-sharp teeth.
You have supernaturally acute eyesight. (SInv)
You are carnivorous and can eat meat at any time.
You cover ground quickly.
You are covered in fur. (AC +1)
You have a slow metabolism.
Your sharp claws are effective at attacking unaware monsters.


Message History

The adder closely misses you.
You closely miss the adder. Your bite misses the adder. The adder misses you.
The goblin closely misses you.
You closely miss the adder.
You feel sick. The adder barely misses you.
You closely miss the adder. The goblin misses you.
The adder bites you but does no damage.
You barely miss the adder. The adder closely misses you. The jackal bites you.
* * * LOW HITPOINT WARNING * * *
The goblin completely misses you.
You scratch the adder. The adder misses you. The jackal closely misses you.
The goblin closely misses you. The adder completely misses you.
You scratch the adder.
You kill the adder!
Trog accepts your kill.
You feel sick. The jackal bites you.
* * * LOW HITPOINT WARNING * * *
The jackal closely misses you. The goblin misses you.
A red film seems to cover your vision as you go berserk!
You feel yourself moving faster!
You feel mighty! The jackal barely misses you. The goblin misses you.
You scratch the jackal. Your claw misses the jackal.
Your bite misses the jackal. The jackal barely misses you.
You scratch the jackal.
You kill the jackal!
Trog accepts your kill. The goblin closely misses you.
The kobold barely misses you.
You claw the kobold!
You kill the kobold!
Trog accepts your kill.
A worm comes into view.
The goblin misses you.
You claw the goblin!
You kill the goblin!
Trog accepts your kill.
You feel sick.
You are no longer poisoned.
An orc comes into view. It is wielding a +0 mace.
The orc shouts!
Found a fizzy black potion.
You feel a strong urge to attack something.
Found a thick glowing staff.
You feel your anger nearly subside.
You are no longer berserk.
You are exhausted.
You feel yourself slow down.
You scratch the worm but do no damage. You bite the worm, but do no damage.
A bat comes into view.
The worm closely misses you.
You scratch the worm. Your bite misses the worm. The worm bites you!
Ouch! That really hurt!
You die...

#.....$....#.##.. ....
##.............# .# ###.
#..........##.... . ..>
#..........# .###.......
#..).......## # ....#.
#..#(..........#.# ##....
#...†.......... ##.....
#..........##.. #....).
#...b...@w..###..##......
#.......###..# .........
#..o...... .!... ##.s...
............ # #...†..
.......$..... .....##.##
.#..!......... ... ....
##.|.........# # ....#..
............. ...... ..
####.. ..


You could see a worm, an orc and a bat.

Vanquished Creatures
  A scorpion (D:3)
  An iguana (D:2)
  3 adders
  An ooze (D:3)
  An adder skeleton (D:3)
  A worm (D:2)
  5 dart slugs
  2 leopard geckos
  An orc (D:3)
  5 giant cockroaches
  7 goblins
  2 hobgoblins
  2 jackals (D:3)
  3 quokkas
  2 ball pythons
  5 bats
  5 frilled lizards
  8 kobolds
  9 rats
64 creatures vanquished.

Notes
Turn   | Place    | Note
-------+----------+-------------------------------------------
     0 | D:1      | vurker the Felid Berserker began the quest for the Orb.
     0 | D:1      | Reached XP level 1. HP: 10/10 MP: 2/2
    85 | D:1      | Reached XP level 2. HP: 5/14 MP: 3/3
   763 | D:1      | Reached ** piety under Trog
  1107 | D:2      | Reached XP level 3. HP: 17/17 MP: 4/4
  1132 | D:2      | Reached skill level 1 in Stealth
  1687 | D:2      | Reached XP level 4. HP: 19/21 MP: 5/5
  2301 | D:3      | Mangled by a scorpion
  2302 | D:3      | Reached XP level 3. HP: -6/17 MP: 4/4
  2329 | D:3      | Killed a scorpion
  2329 | D:3      | Reached skill level 5 in Dodging
  2329 | D:3      | Reached XP level 4. HP: 14/22 MP: 5/5
  2727 | D:3      | Mangled by a worm

Levels and vault maps discovered:
D:1:      minmay_arrival_radiant_lines, layout_basic, corexii_leaking_fountain
D:2:      layout_basic
D:3:      layout_rooms, zin_scriptorium, okawaru_ov_weapons_minmay,
          chequers_ecumenical_altar_twisty

Skill      XL: |  1  2  3  4 |
---------------+-------------+-----
Stealth        | 1 2 |  2.7
Unarmed Combat | 4 |  4.5
Dodging        | 5 |  5.1
Fighting       | |  3.9

Action                   |  1- 3 |  4- 6 || total
-------------------------+-------+-------++-------
Melee: Unarmed           |    64 |    75 ||   139
       Bite              |     4 |     7 ||    11
       Punch             |       |     2 ||     2
Invok: Berserk           |       |     1 ||     1
 Stab: Sleeping          |     7 |     7 ||    14
  Eat: Chunk             |    13 |     3 ||    16
Armor: Skin              |     3 |     4 ||     7
Dodge: Dodged            |    26 |    90 ||   116
